Map: Heavy Artillery LE

Players

PiPuxD - Winner!

  • Race: Protoss Protoss
  • League: Gold
  • Spawn Location: 3:00

MattBarry - Winner!

  • Race: Zerg Zerg
  • League: Gold
  • Spawn Location: 1:00

BearHunter

  • Race: Zerg Zerg
  • League: Silver
  • Spawn Location: 7:00

Charlie

  • Race: Zerg Zerg
  • Spawn Location: 7:00

VOD

Have the link to the VOD?

Description

Time

  • Played on: Jan. 28, 2023, 11:30 p.m.
  • Length: 10:13
Show
View Real Time Build Order
Export as new Build Order

PiPuxD Protoss - Winner!

Build Orders: 1 Gate Expand, Oracle Opening 

Get SALT Encoding   

  12  0:00  Probe  
  13  0:12  Probe  
  14  0:18  Pylon  
  14  0:24  Probe  
  15  0:36  Probe  
  15  0:41  Gateway  
  16  0:46  Assimilator  
  16  0:49  Probe (Chrono Boost)  
  17  0:58  Probe (Chrono Boost)  
  17  1:03  Probe (Chrono Boost)  
  19  1:15  Probe  
  20  1:25  Nexus  
  20  1:27  Probe  
  21  1:34  Pylon  
  21  1:41  Probe  
  22  1:52  Cybernetics Core  
  22  1:54  Probe  
  23  2:02  Assimilator  
  23  2:09  Probe  
  23  2:14  Zealot (Chrono Boost)  
  24  2:21  Pylon  
  26  2:28  Warp Gate  
  26  2:32  Stargate  
  26  2:43  Probe x2  
  28  2:46  Adept  
  30  2:55  Shield Battery  
  30  2:57  Probe x2  
  32  3:09  Probe x2  
  34  3:17  Oracle  
  30  3:27  Adept (Chrono Boost)  
  30  3:58  Adept  
  30  3:59  Probe x2  
  34  4:03  Pylon  
  34  4:09  Gateway  
  34  4:14  Pylon  
  30  4:25  Forge  
  30  4:35  Probe x2  
  32  4:41  Oracle  
  32  4:44  Twilight Council  
  35  4:46  Gateway  
  35  4:47  Probe  
  35  4:48  Gateway, Probe  
  37  4:58  Stalker  
  37  4:59  Probe  
  40  5:00  Probe  
  40  5:04  Stalker  
  39  5:26  Adept  
  34  5:34  Adept  
  27  5:36  Oracle  
  30  5:44  Adept x2  
  30  5:46  Adept  
  36  5:55  Adept  
  38  6:01  Resonating Glaives (Chrono Boost)  
  38  6:03  Probe x2  
  40  6:13  Adept  
  40  6:14  Adept x2  
  40  6:15  Probe x2  
  48  6:20  Adept  
  50  6:27  Probe x2  
  52  6:33  Shield Battery  
  51  6:47  Probe  
  51  6:48  Probe  
  51  6:53  Pylon  
  53  6:56  Pylon  
  53  6:59  Probe  
  53  7:00  Probe  
  55  7:04  Oracle  
  58  7:12  Probe  
  51  7:25  Adept  
  51  7:26  Adept x2  
  51  7:27  Adept  
  59  7:34  Probe x2  
  61  7:41  Blink  
  61  7:43  Pylon  
  61  7:54  Probe x2  
  61  7:57  Adept x4  
  53  8:28  Adept x4  
  61  8:41  Probe x2  
  61  8:45  Assimilator  
  61  8:46  Phoenix  
  61  8:47  Assimilator  
  65  8:50  Adept x4  
  65  8:53  Probe x2  
  73  9:10  Probe x2  
  73  9:12  Adept x3  
  73  9:14  Adept  
  79  9:22  Probe x2  
  81  9:40  Adept x2  
  85  9:48  Pylon  
  85  9:50  Pylon  
  85  9:52  Pylon  
  85  9:54  Probe  
  85  9:56  Probe  
  82  10:07  Adept x4  
Show
View Real Time Build Order
Export as new Build Order

MattBarry Zerg - Winner!

Build Orders: Pool First 

Get SALT Encoding   

  12  0:00  Drone  
  13  0:10  Drone  
  14  0:18  Extractor x2  
  14  0:20  Drone  
  13  0:22  Drone  
  16  0:36  Spawning Pool  
  16  0:41  Extractor  
  14  0:43  Extractor  
  14  0:44  Drone  
  15  1:04  Hatchery  
  14  1:11  Overlord  
  14  1:19  Extractor  
  14  1:23  Zergling x2  
  15  1:32  Queen  
  15  1:35  Zergling x2  
  18  1:40  Drone  
  20  1:47  Drone  
  20  1:52  Drone  
  21  1:58  Metabolic Boost  
  21  2:12  Drone  
  22  2:17  Queen  
  22  2:19  Drone  
  23  2:35  Drone x4  
  27  2:42  Drone  
  27  2:43  Overlord  
  28  2:50  Evolution Chamber  
  27  2:57  Drone  
  28  3:03  Drone x4  
  32  3:08  Drone  
  33  3:17  Zergling x4  
  35  3:24  Zergling x2  
  36  3:33  Overlord  
  36  3:40  Overlord  
  35  3:54  Zergling x8  
  39  4:02  Zerg Melee Weapons Level 1  
  39  4:07  Zergling x8  
  39  4:08  Zergling x2  
  39  4:09  Drone  
  42  4:35  Roach Warren  
  41  4:38  Evolution Chamber  
  41  4:43  Extractor  
  39  4:46  Drone x6  
  39  4:47  Drone, Overlord  
  39  4:48  Overlord  
  39  4:52  Drone x3  
  49  4:58  Overlord  
  49  4:59  Overlord  
  49  5:06  Drone x3  
  47  5:22  Zergling x8  
  47  5:27  Zergling x4  
  50  5:34  Zergling x6, Baneling Nest  
  52  5:39  Roach x2  
  46  6:04  Drone  
  46  6:05  Drone x3  
  46  6:07  Roach x5  
  46  6:09  Zerg Ground Armor Level 1  
  46  6:11  Lair  
  60  6:36  Drone x3  
  60  6:37  Zergling x8  
  67  6:49  Extractor x2  
  65  7:04  Zergling x2  
  65  7:05  Roach x2  
  65  7:06  Roach x2  
  74  7:10  Hatchery  
  74  7:15  Spire  
  69  7:27  Queen x2  
  73  7:31  Zerg Melee Weapons Level 2  
  73  7:35  Zergling x6  
  73  7:36  Zergling x8  
  80  7:52  Baneling x6  
  80  7:54  Baneling  
  81  7:58  Zergling x2  
  81  7:59  Zergling x6  
  81  8:03  Overlord x3  
  83  8:31  Zergling x2  
  83  8:32  Zergling x16  
  77  9:09  Zergling x2  
  74  9:10  Zergling x22  
  69  9:48  Roach x9  
Show
View Real Time Build Order
Export as new Build Order

BearHunter Zerg 

Build Orders: Pool First 

Get SALT Encoding   

  12  0:20  Spawning Pool  
  11  0:30  Overlord  
  11  0:31  Extractor  
  10  0:40  Drone x2  
  12  1:07  Zergling x6  
  15  1:26  Hatchery  
  14  1:37  Drone x2  
  16  1:52  Drone x2  
  18  2:02  Queen  
  20  2:11  Drone  
  20  2:13  Drone  
  20  2:33  Zergling x2  
  20  2:34  Zergling x2  
  21  2:46  Drone x2  
  23  2:57  Hatchery  
  22  3:09  Metabolic Boost  
  22  3:23  Lair  
  22  3:25  Drone  
  22  3:26  Drone x3  
  25  3:54  Zergling x2  
  25  3:55  Zergling x6  
  28  3:57  Overlord  
  28  4:10  Queen  
  28  4:13  Pneumatized Carapace  
  30  4:22  Zergling x14  
  30  4:23  Zergling x2  
  38  4:37  Baneling Nest  
  37  4:38  Extractor  
  37  4:44  Drone x5  
  41  4:57  Drone  
  41  4:58  Overlord x2  
  42  5:27  Zergling x2  
  42  5:28  Zergling x20  
  43  5:53  Hydralisk Den  
  43  5:54  Queen, Hydralisk Den  
  43  5:56  Queen  
  43  6:27  Grooved Spines  
  43  6:31  Burrow  
  43  6:39  Drone  
  44  6:40  Extractor, Drone x15  
  58  6:48  Baneling  
  58  6:49  Baneling x4  
  58  6:51  Baneling  
  57  7:21  Hydralisk x4  
  55  7:24  Zergling x2  
  55  7:25  Zergling x4  
  55  7:26  Overlord x3  
  55  7:27  Overlord  
  58  7:52  Hatchery  
  58  7:55  Extractor  
  58  7:57  Baneling  
  58  7:58  Baneling x5  
  56  8:19  Hydralisk  
  49  8:20  Hydralisk x5  
  57  8:30  Zergling x6  
  57  8:31  Zergling x12  
  66  8:39  Muscular Augments  
  34  9:24  Hydralisk x7  
  34  9:25  Hydralisk  
  50  9:37  Zergling x12  
Show
View Real Time Build Order
Export as new Build Order

Charlie Zerg 

Build Orders: Pool First 

Get SALT Encoding   

  12  0:01  Drone  
  13  0:08  Drone  
  14  0:19  Overlord  
  14  0:22  Extractor  
  13  0:28  Drone  
  14  0:41  Spawning Pool  
  13  0:55  Drone x2  
  13  0:56  Drone  
  16  1:08  Drone  
  17  1:21  Drone  
  18  1:29  Queen  
  20  1:35  Metabolic Boost  
  20  1:42  Drone  
  20  1:44  Overlord  
  21  1:49  Zergling x2  
  22  2:04  Zergling x2  
  23  2:13  Zergling x2  
  24  2:22  Zergling x2  
  25  2:39  Zergling x8  
  29  2:48  Overlord  
  29  2:56  Zergling x2  
  29  3:21  Zergling x8  
  32  3:32  Zergling x2  
  30  3:47  Zergling x2  
  28  4:16  Hatchery  
  24  4:33  Zergling x2  
  24  4:34  Zergling x10  
  30  4:46  Zergling x2  
  30  4:47  Zergling x6  
  30  4:48  Extractor  
  33  5:12  Queen  
  29  5:16  Drone  
  29  5:17  Drone x4  
  31  5:48  Queen  
  25  6:02  Drone  
  25  6:03  Drone x2  
  28  6:11  Drone x4  
  28  6:12  Drone  
  28  6:15  Queen  
  34  6:23  Queen  
  35  6:45  Drone  
  35  6:46  Drone x2  
  36  7:02  Extractor x2  
  36  7:04  Lair  
  36  7:07  Hatchery  
  33  7:08  Evolution Chamber  
  33  7:13  Zergling x2  
  33  7:14  Zergling x2  
  34  7:38  Zergling x4  
  34  7:41  Zergling x2  
  37  7:46  Zergling x14  
  44  8:00  Overlord x2  
  44  8:01  Overlord x2  
  38  8:18  Zergling x2  
  38  8:19  Zergling x14  
  40  8:28  Zergling x2  
  40  8:29  Zergling x4  
  33  8:52  Zergling x2  
  33  8:53  Zergling x6  
  33  9:16  Zergling x14  
  40  9:17  Zergling x4  
  26  9:47  Drone  
  26  9:48  Drone  
Tags
 
Add a new tag
Caveats
  • Supply blocks, unpowered buildings, or Contaminate may cause inaccurate times.
  • Supply counts are checked every 10 seconds.